 Dungeon Crawl Stone Soup version 0.31-a0-971-g75a2e9a4b4 (webtiles) character file.

Game seed: 4392199335044857034

2441423 RepoMan the Flyweight Champion (level 27, 157/157 HPs)
             Began as a Spriggan Berserker on Oct 27, 2023.
             Was the Champion of Trog.
             Escaped with the Orb
             ... and 4 runes on Oct 28, 2023!
             The game lasted 07:39:20 (64904 turns).

RepoMan the Flyweight Champion (SpBe)              Turns: 64904, Time: 07:39:20

Health: 157/157    AC: 18    Str: 31    XL:     27
Magic:  24/24      EV: 47    Int: 12    God:    Trog [******]
Gold:   4273       SH: 14    Dex: 21    Spells: 26/26 levels left

rFire   + +          .
                       - Unarmed
rCold   + + +        W - +3 buckler {AC+3}
rNeg    + + +        O - +3 troll leather armour
rPois   ∞            g - +2 hat "Upnamaepp" {rF+ rC+++ Dex-3 Stlth+}
rElec   .            H - +4 dragonskin cloak
rCorr   .            (gloves unavailable)
SInv    +            (boots unavailable)
Will    +++++        N - amulet "Iquhext" {Reflect rN+ Str+2 Int-2 Dex+3 SH+5}
Stlth   +            X - ring "Otwees" {Will+ EV+5 Int+4 Dex+2 Stlth-}
HPRegen 1.26/turn    G - ring of Oschaent {rF+ Dex+4}
MPRegen 0.19/turn

%: reflection
@: death-form, studying 3 skills, very quick
A: vile attack, torment immunity, no potions, very small, no large weapons,
unfitting armour, see invisible, speed 3, iridescent scales 1, strong 2,
teleportitis 2, devolution 1
0: Orb of Zot
}: 4/15 runes: serpentine, barnacled, slimy, silver
a: Siphon Essence, Begin Untransformation, Renounce Religion, Trog's Hand,
Brothers in Arms


You escaped.
You worshipped Trog.
Trog was exalted by your worship.
You were an undying horror.
You visited 11 branches of the dungeon, and saw 55 of its levels.
You visited 1 bazaar.
You also visited: Trove and Sewer.

You collected 9091 gold pieces.
You spent 4818 gold pieces at shops.

Inventory:

Hand Weapons
 T - the +7 lajatang of Order {silver, rMut}
   (You found it in a treasure trove)

   rMut:      It protects you from mutation.
Missiles
 z - 4 throwing nets
 M - 50 boomerangs (quivered)
 Y - a curare-tipped dart
Armour
 f - a scarf of repulsion
 g - the +2 hat "Upnamaepp" (worn) {rF+ rC+++ Dex-3 Stlth+}
   (You bought it in a shop on level 2 of the Orcish Mines)

   Dex-3:     It affects your dexterity (-3).
   rF+:       It protects you from fire.
   rC+++:     It renders you almost immune to cold.
   Stlth+:    It makes you more stealthy.
 H - the +4 dragonskin cloak (worn)
   (You took it off Tiamat on level 3 of the Realm of Zot)

   Avatar's Aegis: It grants the wearer a chance to resist fire, cold, poison,
   electricity, acid, and negative energy.
 O - a +3 troll leather armour (worn)
 W - a +3 buckler of protection (worn)
Jewellery
 e - a ring of flight
 C - a ring of resist corrosion
 G - the ring of Oschaent (right hand) {rF+ Dex+4}
   (You found it on level 5 of the Vaults)

   [ring of protection from fire]

   Dex+4:     It affects your dexterity (+4).
   rF+:       It protects you from fire.
 J - a ring of protection from cold
 N - the amulet "Iquhext" (around neck) {Reflect rN+ Str+2 Int-2 Dex+3 SH+5}
   (You bought it in a shop on level 4 of the Vaults)

   [amulet of reflection]

   Reflect:   It reflects blocked missile attacks.
   Str+2:     It affects your strength (+2).
   Int-2:     It affects your intelligence (-2).
   Dex+3:     It affects your dexterity (+3).
   rN+:       It protects you from negative energy.
   SH+5:      It affects your SH (+5).
 X - the ring "Otwees" (left hand) {Will+ EV+5 Int+4 Dex+2 Stlth-}
   (You found it on level 1 of the Depths)

   [ring of evasion]

   EV+5:      It affects your evasion (+5).
   Int+4:     It affects your intelligence (+4).
   Dex+2:     It affects your dexterity (+2).
   Will+:     It increases your willpower.
   Stlth-:    It makes you less stealthy.
Talismans
 h - a granite talisman
 E - a talisman of death (active)
Wands
 a - a wand of digging (2)
 m - a wand of flame (28)
 t - a wand of roots (36)
 x - a wand of mindburst (16)
 U - a wand of quicksilver (20)
 V - a wand of charming (45)
Scrolls
 l - 2 scrolls of fear
 o - 6 scrolls of fog
 r - 4 scrolls of revelation
 s - 10 scrolls of teleportation
 v - 2 scrolls of immolation
 y - 8 scrolls of enchant armour
 F - a scroll of poison
 I - 11 scrolls of vulnerability
 P - 5 scrolls of enchant weapon
Potions
 b - 2 potions of might
 c - 19 potions of curing
 d - 6 potions of enlightenment
 i - 3 potions of berserk rage
 n - 6 potions of magic
 p - 7 potions of attraction
 q - 7 potions of resistance
 w - 2 potions of heal wounds
 Q - a potion of cancellation
 R - 9 potions of lignification
 S - 2 potions of ambrosia
 Z - 7 potions of invisibility
Miscellaneous
 A - a lightning rod (4/4)
 D - a tin of tremorstones (2/2)
 K - a phantom mirror
 L - a phial of floods


   Skills:
 + Level 20.3 Fighting
 - Level 26.6 Dodging
 - Level 6.6 Stealth
 + Level 4.0 Shields
 O Level 27 Unarmed Combat
 - Level 11.1 Evocations
 * Level 24.7 Shapeshifting


You had 26 spell levels left.
You didn't know any spells.
Your spell library was empty.

Dungeon Overview and Level Annotations

Branches:
Dungeon (15/15)            Temple (0/1) D:5            Lair (5/5) D:9
 Shoals (4/4) Lair:3        Snake (4/4) Lair:3        Slime (5/5) Lair:4
    Orc (2/2) D:12            Elf (3/3) Orc:2        Vaults (5/5) D:14
  Crypt (3/3) Vaults:3       Tomb (0/3) Crypt:3      Depths (4/4) D:15
    Zot (5/5) Depths:4      Sewer (visited)

Altars:
Elyvilon
Fedhas
Kikubaaqudgha
Makhleb
Ru
Wu Jian
Xom
Yredelemnul
Zin
Jiyva
Lugonu

Shops:
D:4 [   Orc:2 :([*=   Elf:1 [=::   Elf:2 =   Shoals:2 *   Snake:1 **:
Snake:2 [   Vaults:4 =

Portals:
Hell: Depths:1 Depths:2 Depths:3 Depths:4
Abyss: Depths:3 Depths:4
Pandemonium: Depths:2
Ziggurat: Depths:4

Annotations:
D:15 3 runed translucent doors, Pymiarph's ghost, journeyman DrMo
Lair:3 exclusion: 2 oklob plants
Shoals:1 1 runed translucent door, kal9871's ghost, adept DsFi
Orc:2 2 runed translucent doors, exclusion: orange crystal statue
Elf:2 3 runed translucent doors
Zot:5 exclusion: obsidian statue


Innate Abilities, Weirdness & Mutations

You are an undying horror.
Your melee and unarmed attacks drain, slow and weaken victims.
You are immune to unholy pain and torment.
You cannot drink.
You are immune to poison.
You are very small and have problems with some larger weapons.
You are too small for most types of armour.
You have supernaturally acute eyesight. (SInv)
You cover ground extremely quickly. (Speed+++)
You are partially covered in iridescent scales. (AC +2)
Your muscles are very strong. (Str +8, Int/Dex -2)
You are often teleported next to monsters.
You have hidden genetic defects.


Message History

There's nothing to close nearby.
Aiming: Dig
Press: ? - help, Shift-Dir - straight line You can't see that place. [the floor.]
The rock shatters into small pieces.
There is a stone staircase leading up here.
You climb upwards.
There is a stone staircase leading down here.
There is an escape hatch in the ceiling here.
A mysterious force pulls you upwards. The hatch slams shut behind you.
You begin transforming.
You continue transforming.
You stop transforming.
An Executioner and 2 large abominations come into view.
Aiming: Dig
Press: ? - help, Shift-Dir - straight line The rock shatters into small pieces.
Okay, then.
The Executioner completely misses you.
The Executioner closely misses you. x2 3 sun demons come into view.
You squash the Executioner like an ant!!!
The Executioner decays.
The Executioner is severely wounded.
You pummel the Executioner!!
You kill the Executioner!
Trog accepts your kill.
Your Shields skill increases to level 4!
You have reached level 27, the final one!
Your experience leads to an increase in your attributes!
Your base attributes are Str 19, Int 12, Dex 17.
Increase (S)trength, (I)ntelligence, or (D)exterity?
You feel stronger. x2
A balrug comes into view.
It is wielding a +1 demon whip of electrocution.
There is a staircase leading out of the dungeon here.
You are an undying horror.
You are studying Short Blades, Polearms and Stealth.
Your movement speed is very quick.
Your attack delay is about 0.5.
Your damage rating with unarmed combat is about 73 (Base [9 + 27 (UC)] x 152% (Str) x 133% (Fight)).
Your base attributes are Str 21, Int 12, Dex 17.
You have escaped!

.#######...###..[...# #...##..
.............###....# ####.......
##########..........###......###.
#####...................
################............###.
##.........X.................#...
..........#.3X.....#.#...##......
##.X1.....#.##..####.#...........
###.######.#P~.z.##.#...........
###.# ####3#♣P..###.#.##........
##...###..3.#♣♣.~###.#.###..#....
.........#2##P..♣##..#.###.......
....######3##♣..P##..............
....# #..'..~♣##..#.###.......
....# ####P.P♣#..##.# #....>..
##### #~.♣~#...#.###.......
##+###...#.##....÷###


You could see a sun demon and 2 large abominations.

Vanquished Creatures
  the Royal Jelly (Slime:5)
  3 orbs of fire
  Tiamat (Zot:3)
  A dread lich (Vaults:5)
  6 ancient liches
  Mennas (Vaults:2)
  A juggernaut (Depths:1)
  Vv (Depths:3)
  Boris (Vaults:2)
  4 Killer Klowns (Zot:5)
  Frederick (Depths:3)
  2 curse toes
  Saint Roka (Elf:3)
  Jory (Vaults:4)
  5 golden dragons
  Nikola (Shoals:3)
  the Enchantress (Depths:1)
  Norris (Vaults:2)
  A Brimstone Fiend (Zot:2)
  2 bone dragons
  An electric golem (Zot:2)
  7 tentacled monstrosities
  A walking crystal tome (Depths:4)
  Rupert (D:12)
  A shard shrike skeleton (Crypt:3)
  Zenata (Elf:3)
  18 Orb Guardians (Zot:5)
  2 deep elf blademasters (Elf:3)
  6 titans (Vaults:5)
  Mlioglotl (Shoals:2)
  11 acid blobs
  4 liches
  2 Executioners
  10 sphinxes
  2 deep elf master archers (Elf:3)
  5 quicksilver dragons
  Polyphemus (Shoals:3)
  2 ancient champions
  8 death cobs
  15 storm dragons
  7 shadow dragons
  Donald (Elf:1)
  Roxanne (Elf:3)
  Kirke (D:14)
  A revenant (Crypt:2)
  7 tengu reavers
  3 nagarajas
  Aizul (Snake:3)
  7 rockslimes
  9 deep elf sorcerers
  Ilsuiw (Shoals:2)
  An iron dragon (Depths:4)
  Louise (Snake:1)
  3 fire giants
  3 draconian knights
  10 frost giants
  11 azure jellies
  3 ghost moths
  14 vault wardens
  3 deep elf elementalists (Elf:3)
  A balrug (Depths:3)
  8 draconian scorchers
  8 draconian shifters
  7 ghouls
  A juggernaut zombie (Crypt:2)
  12 draconian annihilators
  4 curse skulls
  7 draconian stormcallers (Zot:3)
  23 ironbound preservers
  11 quicksilver oozes
  6 spriggan defenders
  A quicksilver ooze (shapeshifter) (Depths:4)
  4 formless jellyfish
  6 very ugly things
  7 ironbound thunderhulks
  3 orc warlords
  12 war gargoyles
  9 stone giants
  9 green draconians
  6 vampire knights
  6 deep elf demonologists
  9 black draconians
  8 dire elephants
  11 yellow draconians
  7 deep elf annihilators
  15 red draconians
  9 purple draconians
  9 white draconians
  Azrael (D:15)
  An eleionoma (shapeshifter) (Depths:1)
  5 crystal guardians
  15 ettins
  Snorg (D:14)
  The ghost of flt the Arsonist, a journeyman DgFE (D:11)
  3 deep elf death magi (Elf:3)
  2 eidola (Crypt:1)
  6 jiangshi
  3 fire dragons
  9 merfolk javelineers
  7 yaktaur captains
  Josephine (D:11)
  5 deep elf high priests
  A fire dragon (shapeshifter) (Depths:4)
  6 merfolk impalers (Shoals:4)
  An entropy weaver (shapeshifter) (Vaults:5)
  A spriggan zombie (Crypt:3)
  4 rakshasas
  An entropy weaver (Vaults:1)
  13 great orbs of eyes
  2 salamander tyrants (Snake:4)
  5 peacekeepers
  4 hydras
  10 ice dragons
  3 ogre magi
  5 ironbound frosthearts
  29 vault guards
  2 spriggan skeletons
  4 catoblepae
  6 spriggan air magi
  A bennu zombie (Crypt:2)
  10 anacondas
  3 merfolk avatars
  9 centaur warriors
  18 dancing weapons
  7 deep troll shamans
  5 deep troll earth magi
  7 boulder beetles
  4 satyrs
  6 death yaks
  10 two-headed ogres
  3 orc high priests (Orc:2)
  4 tengu warriors
  A titan zombie (Crypt:3)
  8 naga warriors
  10 naga sharpshooters
  12 hell knights
  7 spriggan berserkers
  8 shock serpents
  12 deep elf knights
  9 vampire magi
  3 sun demons
  5 iron trolls
  A soul eater (Crypt:1)
  Amaemon (D:8)
  4 skysharks
  A titan skeleton (Crypt:3)
  5 salamander mystics
  2 shadow wraiths
  16 sea snakes
  47 deep trolls
  34 skeletal warriors
  A death drake (shapeshifter) (Vaults:1)
  2 goliath frogs (Lair:5)
  3 glowing orange brains
  An anaconda zombie (Crypt:3)
  2 flayed ghosts
  11 ironbound convokers
  16 deep elf archers
  4 arcanists
  5 phantasmal warriors
  7 naga ritualists
  A bog body (Crypt:1)
  A bunyip skeleton (Crypt:3)
  An orange crystal statue (Depths:1)
  12 necromancers
  24 harpies
  2 anaconda skeletons (Crypt:3)
  8 lindwurms
  2 shining eyes (Slime:1)
  21 deep elf zephyrmancers
  17 orc knights
  24 deep elf pyromancers
  5 cyclopes
  15 mana vipers
  A stone giant zombie (Crypt:3)
  An iron dragon zombie (Crypt:1)
  19 moths of wrath
  8 orc sorcerers
  A manticore (shapeshifter) (Depths:3)
  16 salamanders
  20 fauns
  15 manticores
  A goliath frog skeleton (Crypt:1)
  34 ugly things
  19 merfolk sirens
  A black mamba (shapeshifter) (Elf:3)
  21 vault sentinels
  10 guardian serpents
  11 naga magi
  A dire elephant zombie (Crypt:3)
  An orange demon (D:8)
  21 elephants
  6 water nymphs
  22 black mambas
  2 eyes of devastation (Slime:5)
  3 gargoyles
  A torpor snail (Lair:5)
  18 cane toads
  A titan simulacrum (Crypt:2)
  3 kobold demonologists (D:14)
  A smoke demon (Depths:3)
  An unseen horror (D:12)
  4 rime drakes
  9 swamp worm zombies (Crypt:1)
  18 yaktaurs
  13 komodo dragons
  A centaur skeleton (Crypt:3)
  A yaktaur (shapeshifter) (Elf:1)
  7 freezing wraiths
  10 tengu conjurers
  An efreet (D:14)
  26 merfolk
  A tormentor (Zot:2)
  A sea snake skeleton (Crypt:1)
  4 trolls
  5 polar bears
  6 hornets
  A troll (shapeshifter) (Depths:2)
  Grinder (D:3)
  6 wind drakes
  An ettin zombie (Crypt:3)
  6 glass eyes
  An ice dragon zombie (Crypt:1)
  24 blink frogs
  2 death drake skeletons (Crypt:1)
  20 dream sheep
  A jumping spider (shapeshifter) (Vaults:4)
  7 air elementals
  7 snapping turtles
  75 slime creatures
  27 flying skulls (Crypt:3)
  9 wraiths
  9 spriggans
  2 culicivoras
  14 water elementals
  A shadow (D:13)
  3 large abominations (Depths:1)
  55 yaks
  A vampire (D:11)
  7 wyverns
  Eustachio (D:5)
  2 hogs (D:14)
  3 steam dragons
  7 golden eyes
  A redback (shapeshifter) (Vaults:2)
  A wind drake skeleton (Crypt:2)
  6 fire elementals
  A human (shapeshifter) (D:13)
  5 redbacks
  11 basilisks
  14 vampire mosquitoes
  7 wargs
  A glowing shapeshifter zombie (Crypt:2)
  A harpy simulacrum (Crypt:2)
  3 hell hounds (D:15)
  An acid dragon (D:8)
  Menkaure (D:6)
  39 nagas
  21 water moccasins
  2 sky beasts (D:6)
  38 orc warriors
  4 black bears
  A swamp dragon zombie (Crypt:2)
  An ice beast (D:8)
  An ogre (D:7)
  4 boggarts (D:14)
  A swamp dragon skeleton (Crypt:2)
  18 wolves
  11 centaurs
  A dream sheep skeleton (Crypt:2)
  A komodo dragon zombie (Crypt:1)
  The ghost of Heedrag the Digger, an amateur GrEE (D:3)
  A gnoll sergeant (D:12)
  5 kobold brigands
  16 bullfrogs
  2 earth elementals
  A necrophage (Crypt:3)
  3 scorpions
  A salamander skeleton (Crypt:2)
  2 wights
  7 killer bees (D:10)
  6 electric eels
  7 howler monkeys
  6 hounds
  A jelly (D:6)
  19 orc priests
  3 gnoll boudas (D:8)
  2 sleepcaps
  2 iguanas (D:7)
  25 orc wizards
  A boggart simulacrum (D:14)
  14 gnolls
  3 river rats (Sewer)
  14 adders
  3 white imps
  An ufetubus (D:7)
  A worm zombie (Crypt:2)
  7 worms
  A dart slug (D:4)
  64 orcs
  13 bats
  10 endoplasms
  4 giant cockroaches
  6 goblins
  4 hobgoblins
  5 jackals
  2 quokkas (D:4)
  11 ball pythons
  A dart slug zombie (Crypt:1)
  8 frilled lizards
  A frilled lizard skeleton (Crypt:1)
  17 kobolds
  3 rats
  A rat zombie (Crypt:3)
  A spectral weapon (Snake:4)
2218 creatures vanquished.

Vanquished Creatures (collateral kills)
  Jorgrun (Orc:1)
  A walking crystal tome (Depths:3)
  A lich (Depths:2)
  A two-headed ogre (D:10)
  A spriggan air mage (Depths:2)
  A deep troll shaman (Depths:2)
  A deep troll earth mage (Depths:2)
  Erica (D:10)
  A spriggan berserker (Depths:2)
  3 deep trolls (Depths:2)
  A cyclops (D:11)
  A black mamba (Snake:1)
  Maggie (D:10)
  An orc warrior (Orc:1)
  3 killer bees (D:10)
  An orc priest (D:10)
  5 orcs
25 creatures vanquished.

Vanquished Creatures (others)
  A golden dragon (Zot:5)
  Asterion (Snake:4)
  A draconian knight (Zot:2)
  A draconian annihilator (Zot:3)
  A green draconian (Zot:3)
  A merfolk impaler (Shoals:3)
  A merfolk avatar (Shoals:3)
  A tengu warrior (D:14)
  A deep elf knight (Elf:1)
  2 deep elf pyromancers
  An ugly thing (Depths:4)
  A manticore (Shoals:4)
  A black mamba (Lair:4)
  A yaktaur (Vaults:5)
  A human (D:14)
  A gnoll sergeant (D:10)
17 creatures vanquished.

Grand Total: 2260 creatures vanquished

Notes
Turn   | Place    | Note
-------+----------+-------------------------------------------
     0 | D:1      | RepoMan the Spriggan Berserker began the quest for the Orb.
     0 | D:1      | Reached XP level 1. HP: 11/11 MP: 2/2
   192 | D:1      | Reached skill level 1 in Stealth
   295 | D:1      | Reached XP level 2. HP: 14/16 MP: 3/3
   584 | D:2      | Found an ancient bone altar of Kikubaaqudgha.
   831 | D:2      | Found a faded altar of an unknown god.
   867 | D:2      | Reached skill level 3 in Unarmed Combat
   867 | D:2      | Reached XP level 3. HP: 19/19 MP: 4/4
  1056 | D:2      | Reached ** piety under Trog
  2013 | D:3      | Noticed Grinder
  2026 | D:3      | Killed Grinder
  2027 | D:3      | Reached skill level 5 in Dodging
  2027 | D:3      | Reached skill level 4 in Unarmed Combat
  2027 | D:3      | Reached XP level 4. HP: 24/24 MP: 5/5
  2027 | D:3      | Reached XP level 5. HP: 28/28 MP: 6/6
  2178 | D:3      | Found a runed translucent gate.
  2179 | D:3      | Found a runed translucent gate.
  2180 | D:3      | Found a runed translucent gate.
  2181 | D:3      | Noticed Heedrag's ghost (amateur GrEE)
  2185 | D:3      | Reached XP level 6. HP: 29/32 MP: 7/7
  2188 | D:3      | Identified the +8 dagger of Hacking and Slashing {heavy,
                  | rPois rF- rC+ Stlth+}
  2188 | D:3      | Identified the +2 chain mail "Laogeo" {Dex+2 Stlth+}
  2707 | D:4      | Found a glowing drain.
  2771 | Sewer    | Entered a sewer
  3570 | D:4      | Found Duasy's Armour Shop.
  3612 | D:4      | Reached XP level 7. HP: 32/36 MP: 8/8
  3942 | D:5      | Entered Level 5 of the Dungeon
  3955 | D:5      | Reached skill level 5 in Unarmed Combat
  4090 | D:5      | Noticed Eustachio
  4102 | D:5      | Killed Eustachio
  4517 | D:5      | Found a blossoming altar of Fedhas.
  4547 | D:5      | Found an ornate altar of the Wu Jian Council.
  4547 | D:5      | Found a basalt altar of Yredelemnul.
  4552 | D:5      | Found a faded altar of an unknown god.
  4554 | D:5      | Found a white marble altar of Elyvilon.
  4555 | D:5      | Found a burning altar of Makhleb.
  4622 | D:5      | Found a staircase to the Ecumenical Temple.
  4748 | D:6      | Reached XP level 8. HP: 35/42 MP: 9/9
  4799 | D:6      | You fall into a shaft and drop 1 floor!
  4846 | D:7      | Reached skill level 6 in Unarmed Combat
  5138 | D:6      | Reached *** piety under Trog
  5480 | D:6      | Noticed Menkaure
  5483 | D:6      | Killed Menkaure
  5484 | D:6      | Reached skill level 5 in Fighting
  5699 | D:6      | Reached skill level 7 in Unarmed Combat
  5979 | D:7      | Found a sacrificial altar of Ru.
  6098 | D:7      | Reached skill level 1 in Evocations
  6098 | D:7      | Reached XP level 9. HP: 47/47 MP: 10/10
  6113 | D:7      | Reached skill level 1 in Shapeshifting
  6303 | D:7      | Noticed a brown ugly thing
  6325 | D:7      | Killed a brown ugly thing
  6786 | D:8      | Noticed a centaur warrior
  6821 | D:8      | Killed a centaur warrior
  6822 | D:8      | Reached skill level 8 in Unarmed Combat
  7315 | D:8      | Reached XP level 10. HP: 53/53 MP: 11/11
  7570 | D:8      | Noticed an orange demon
  7580 | D:8      | Noticed a boulder beetle
  7587 | D:8      | Killed a boulder beetle
  7588 | D:8      | Reached skill level 5 in Evocations
  7652 | D:8      | Noticed an ogre mage
  7665 | D:8      | Killed an ogre mage
  7666 | D:8      | Reached skill level 9 in Unarmed Combat
  7666 | D:8      | Reached skill level 5 in Shapeshifting
  7770 | D:8      | Noticed Amaemon
  7826 | D:8      | Killed an orange demon
  7840 | D:8      | Killed Amaemon
  8448 | D:9      | Reached **** piety under Trog
  8471 | D:9      | Reached XP level 11. HP: 27/58 MP: 12/12
  8654 | D:9      | Found a staircase to the Lair.
  8986 | D:9      | Found a shimmering altar of Xom.
  8986 | D:9      | Found a shimmering altar of Xom.
  8986 | D:9      | Found a shimmering altar of Xom.
  8986 | D:9      | Found a shimmering altar of Xom.
  8987 | D:9      | Found a shimmering altar of Xom.
  8988 | D:9      | Found a shimmering altar of Xom.
  8997 | D:9      | Reached skill level 10 in Unarmed Combat
  9004 | D:9      | Found a shimmering altar of Xom.
  9004 | D:9      | Found a shimmering altar of Xom.
  9246 | D:9      | Noticed a two-headed ogre
  9256 | D:9      | Killed a two-headed ogre
  9834 | D:10     | Entered Level 10 of the Dungeon
 10187 | D:10     | Reached skill level 10 in Dodging
 10220 | D:10     | Noticed Erica
 10229 | D:10     | Killed Erica
 10230 | D:10     | Reached skill level 11 in Unarmed Combat
 10231 | D:10     | Noticed Maggie
 10237 | D:10     | Killed Maggie
 10268 | D:10     | Noticed a two-headed ogre
 10360 | Lair:1   | Entered Level 1 of the Lair of Beasts
 10759 | Lair:2   | Reached skill level 1 in Shields
 11166 | Lair:2   | Reached XP level 12. HP: 46/64 MP: 13/13
 11387 | Lair:1   | Noticed a catoblepas
 11387 | Lair:1   | You fall into a shaft and drop 1 floor!
 11585 | Lair:2   | Reached skill level 5 in Stealth
 11978 | Lair:2   | Noticed a catoblepas
 12175 | Lair:2   | Killed a catoblepas
 13042 | Lair:1   | Killed a catoblepas
 13793 | Lair:1   | Reached skill level 10 in Shapeshifting
 14191 | Lair:3   | Found a staircase to the Shoals.
 14330 | Lair:3   | Found a staircase to the Snake Pit.
 15016 | Lair:3   | Reached XP level 13. HP: 70/70 MP: 14/14
 16359 | Lair:4   | Reached skill level 12 in Unarmed Combat
 16369 | Lair:4   | Found a staircase to the Slime Pits.
 16369 | Lair:4   | Found a viscous altar of Jiyva.
 16965 | Lair:5   | Entered Level 5 of the Lair of Beasts
 17941 | Lair:5   | Reached ***** piety under Trog
 17942 | Lair:5   | Reached skill level 10 in Fighting
 18285 | Lair:5   | Identified the +6 dagger of the Shrike {heavy, rF+ rCorr}
 18430 | Lair:4   | Reached skill level 15 in Dodging
 18717 | Lair:5   | Reached XP level 14. HP: 55/77 MP: 15/15
 20207 | Lair:5   | Identified the +1 scale mail "Xala" {rElec Will+}
 21237 | D:10     | Reached skill level 13 in Unarmed Combat
 21309 | D:10     | Found a glowing silver altar of Zin.
 21910 | D:11     | Found a runed translucent door.
 21913 | D:11     | Noticed flt's ghost (journeyman DgFE)
 21915 | D:11     | Identified the +3 trident "Idemirchi" {drain, rElec Str+4}
 22213 | D:11     | Noticed Josephine
 22217 | D:11     | Killed Josephine
 22898 | D:12     | Found a staircase to the Orcish Mines.
 23322 | D:12     | Identified the +12 whip of Destruction {holy, Stlth+}
 23490 | D:12     | Noticed Rupert
 24115 | D:12     | Killed Rupert
 24270 | Orc:1    | Entered Level 1 of the Orcish Mines
 24485 | Orc:1    | Noticed Jorgrun
 24491 | Orc:1    | Received a gift from Trog
 24501 | Orc:1    | Killed Jorgrun
 24727 | Orc:2    | Entered Level 2 of the Orcish Mines
 25665 | Orc:2    | Found a runed translucent door.
 25686 | Orc:2    | Reached XP level 15. HP: 74/82 MP: 16/16
 25721 | Orc:2    | Found the +10 tower shield of Ignorance {rN+ Int-4}
 25784 | Orc:2    | Found a runed translucent door.
 25925 | Orc:2    | Found Efolaer's Book Boutique.
 25965 | Orc:2    | Found a staircase to the Elven Halls.
 27144 | Orc:2    | Found Antojoj's General Store.
 27145 | Orc:2    | Found Juoxir's Jewellery Shop.
 27147 | Orc:2    | Found Ireamn's Antique Armour Shop.
 27147 | Orc:2    | Found Utijekh's Antique Weapon Boutique.
 27172 | Orc:2    | Bought a slimy hat for 279 gold pieces
 27172 | Orc:2    | Identified the +2 hat "Upnamaepp" {rF+ rC+++ Dex-3 Stlth+}
                  | (You bought it in a shop on level 2 of the Orcish Mines)
 27189 | Orc:2    | Bought a potion of haste for 100 gold pieces
 27189 | Orc:2    | Bought a scroll of identify for 20 gold pieces
 27189 | Orc:2    | Bought a potion of might for 40 gold pieces
 27659 | D:3      | Killed Heedrag's ghost
 27969 | D:11     | Killed flt's ghost
 28368 | D:13     | Noticed Urug
 28373 | D:13     | Urug changed into Urug the mana viper
 28373 | D:13     | Noticed Urug
 28386 | D:13     | Killed Urug the mana viper
 28724 | D:14     | Received a gift from Trog
 28881 | D:14     | Noticed Kirke
 28900 | D:14     | Noticed a sphinx
 28900 | D:14     | Killed Kirke
 28911 | D:14     | Reached skill level 15 in Shapeshifting
 28954 | D:14     | Found a gate to the Vaults.
 28956 | D:14     | Noticed a sphinx
 28968 | D:14     | Killed a sphinx
 29233 | D:14     | Noticed Snorg
 29239 | D:14     | Killed Snorg
 29575 | D:14     | Received a gift from Trog
 29854 | D:15     | Entered Level 15 of the Dungeon
 29909 | D:15     | Noticed Azrael
 30033 | D:15     | Reached skill level 14 in Unarmed Combat
 30114 | D:15     | Reached XP level 16. HP: 87/87 MP: 17/17
 30271 | D:15     | Killed Azrael
 30768 | D:15     | Found a staircase to the Depths.
 30843 | D:15     | Found a runed translucent gate.
 30879 | D:15     | Received a gift from Trog
 30890 | D:15     | Found a runed translucent gate.
 30892 | D:15     | Found a runed translucent gate.
 30894 | D:15     | Noticed Pymiarph's ghost (journeyman DrMo)
 30897 | D:15     | Found a viscous altar of Jiyva.
 31253 | Snake:1  | Identified the of Iclocuem
 31253 | Snake:1  | Entered Level 1 of the Snake Pit
 31291 | Snake:1  | Found Hufaw's Weapon Boutique.
 31293 | Snake:1  | Found Havar's Book Shop.
 31295 | Snake:1  | Found Lyustutt's Assorted Antiques.
 31303 | Snake:1  | Bought a scroll of teleportation for 69 gold pieces
 31303 | Snake:1  | Bought a scroll labelled APOANA KOEP for 23 gold pieces
 31303 | Snake:1  | Bought a scroll of vulnerability for 92 gold pieces
 31303 | Snake:1  | Bought a wand of charming (5) for 276 gold pieces
 31303 | Snake:1  | Bought a scroll labelled DOFAMA JAOZIULU for 23 gold pieces
 31385 | Snake:1  | You fall into a shaft and drop 1 floor!
 31480 | Snake:1  | Noticed Louise
 31494 | Snake:1  | Killed Louise
 31775 | Snake:1  | Found Kypnarph's Assorted Antiques.
 31790 | Snake:1  | Bought a potion of heal wounds for 160 gold pieces
 31790 | Snake:1  | Bought a potion of might for 128 gold pieces
 31931 | Snake:1  | Identified the +1 robe of Boiling Hail {-Tele Fly Dex+3}
 32467 | Snake:2  | Reached skill level 15 in Unarmed Combat
 32525 | Snake:2  | Found Nyuloila's Armour Shop.
 32736 | Snake:3  | Identified the serpent talisman of Vuat {rC+ Will+}
 32736 | Snake:3  | Noticed Aizul
 32745 | Snake:3  | Killed Aizul
 32755 | Snake:3  | Received a gift from Trog
 33277 | Snake:4  | Entered Level 4 of the Snake Pit
 33298 | Snake:4  | Reached XP level 17. HP: 93/93 MP: 18/18
 33625 | Snake:4  | Noticed Asterion
 33641 | Snake:4  | Killed Asterion
 34119 | Snake:4  | Reached ****** piety under Trog
 34196 | Snake:4  | Identified a scroll of acquirement
 34197 | Snake:4  | Identified the +0 ring mail "Lela" {rC++}
 34204 | Snake:4  | Acquired 755 gold pieces
 34594 | Snake:4  | Reached skill level 16 in Unarmed Combat
 34636 | Snake:4  | Received a gift from Trog
 34940 | Snake:4  | Got a serpentine rune of Zot
 35173 | Shoals:1 | Entered Level 1 of the Shoals
 35300 | Shoals:1 | Found a runed translucent door.
 35300 | Shoals:1 | Found a shimmering altar of Xom.
 35300 | Shoals:1 | Noticed kal9871's ghost (adept DsFi)
 35346 | Shoals:1 | You fall into a shaft and drop 1 floor!
 35346 | Shoals:2 | Noticed Ilsuiw
 35354 | Shoals:2 | Noticed Mlioglotl
 35418 | Shoals:2 | Killed Ilsuiw
 35480 | Shoals:2 | Found a burning altar of Makhleb.
 35709 | Shoals:2 | Reached skill level 10 in Evocations
 35811 | Shoals:2 | Received a gift from Trog
 36032 | Shoals:1 | Reached XP level 18. HP: 99/99 MP: 19/19
 36172 | Shoals:2 | Killed Mlioglotl
 36445 | Shoals:2 | Found a white marble altar of Elyvilon.
 36462 | Shoals:2 | Found Beajiv's Assorted Antiques.
 36465 | Shoals:2 | Bought a scroll of identify for 78 gold pieces
 36466 | Shoals:2 | Bought a potion of curing for 117 gold pieces
 36466 | Shoals:2 | Bought a wand of quicksilver (3) for 491 gold pieces
 36466 | Shoals:2 | Bought a wand of flame (8) for 218 gold pieces
 36914 | Shoals:3 | Noticed Polyphemus
 36938 | Shoals:3 | Killed Polyphemus
 37259 | Shoals:3 | Identified the +0 pair of gloves of Egul {rC++ Will- Str+5}
 37259 | Shoals:3 | Noticed Nikola
 37264 | Shoals:3 | Received a gift from Trog
 37275 | Shoals:3 | Killed Nikola
 37638 | Shoals:4 | Entered Level 4 of the Shoals
 37841 | Shoals:4 | Reached skill level 17 in Unarmed Combat
 38264 | Shoals:4 | Received a gift from Trog
 38576 | Shoals:4 | Found the +7 captain's cutlass {speed, disarm}
 38709 | Shoals:4 | Got a barnacled rune of Zot
 39195 | Vaults:5 | Identified the "Saorchog"
 39195 | Elf:1    | Entered Level 1 of the Elven Halls
 39223 | Elf:1    | Noticed Donald
 39241 | Elf:1    | Killed Donald
 39276 | Elf:1    | Reached XP level 19. HP: 105/105 MP: 20/20
 39397 | Elf:1    | Received a gift from Trog
 39551 | Elf:1    | Found Xutsudul's Armour Shoppe.
 40024 | Elf:1    | Found Maal's Jewellery Emporium.
 40025 | Elf:1    | Found Adion's Book Boutique.
 40025 | Elf:1    | Found Ipsedyss's Book Boutique.
 40046 | Elf:1    | Paralysed by an air elemental for 1 turns
 40239 | Elf:2    | Received a gift from Trog
 40309 | Elf:2    | Found a runed translucent gate.
 40309 | Elf:2    | Found a runed translucent gate.
 40309 | Elf:2    | Found a runed translucent gate.
 40428 | Elf:2    | Identified the +0 robe of Qazlal {rN+ rCorr Str+4 SInv}
 40482 | Elf:2    | Found Puhourgh's Jewellery Emporium.
 40500 | Elf:2    | Reached skill level 18 in Unarmed Combat
 40657 | Elf:3    | Identified the "Vaiqej"
 40657 | Elf:3    | Identified the "Xadisi"
 40657 | Elf:3    | Entered Level 3 of the Elven Halls
 40657 | Elf:3    | Noticed Zenata
 40661 | Elf:3    | Killed Zenata
 40870 | Elf:3    | Noticed Roxanne
 41331 | Elf:3    | Killed Roxanne
 41387 | Elf:3    | Noticed Saint Roka
 41409 | Elf:3    | Received a gift from Trog
 41425 | Elf:3    | Killed Saint Roka
 41581 | Elf:3    | Noticed a Brimstone Fiend
 41804 | Elf:3    | Identified the +9 plate armour of the Twenty Persimmons
                  | {Int+2 Slay+4}
 41948 | Elf:3    | Identified the +9 shortbow of Fedhas's Approval {heavy,
                  | *Corrode Int+3}
 41972 | Elf:3    | Identified the ring of Tomorrow {Fly Str-4 Int+5 SInv
                  | Stlth+}
 41980 | Elf:3    | Identified the +5 flail "Ajano" {speed, rPois}
 42352 | Vaults:1 | Entered Level 1 of the Vaults
 42420 | Vaults:1 | Received a gift from Trog
 42434 | Vaults:1 | Reached XP level 20. HP: 112/112 MP: 21/21
 43330 | Vaults:1 | Received a gift from Trog
 43570 | Vaults:2 | Reached skill level 19 in Unarmed Combat
 44334 | Vaults:2 | Found a portal to a secret trove of treasure.
 44347 | Trove    | Identified the "Fuhuoh" (Sif Muna gifted it to you in a
                  | treasure trove)
 44347 | Trove    | Identified the "Xaxzetoismo" (Sif Muna gifted it to you in
                  | a treasure trove)
 44347 | Trove    | Identified the of Hobupn (Sif Muna gifted it to you in a
                  | treasure trove)
 44347 | Trove    | Identified the "Lyidwoix" (Sif Muna gifted it to you in a
                  | treasure trove)
 44347 | Trove    | Identified the "Sizy Odi" (Sif Muna gifted it to you in a
                  | treasure trove)
 44347 | Trove    | Identified the "Aniuxaf" (Sif Muna gifted it to you in a
                  | treasure trove)
 44347 | Trove    | Identified the "Rod Vikli" (Sif Muna gifted it to you in a
                  | treasure trove)
 44347 | Trove    | Identified the "Ralimoa" (Sif Muna gifted it to you in a
                  | treasure trove)
 44347 | Trove    | Identified the "Fonorgh" (Sif Muna gifted it to you in a
                  | treasure trove)
 44347 | Trove    | Identified the of Oklapt (Sif Muna gifted it to you in a
                  | treasure trove)
 44347 | Trove    | Identified the "Moxior" (Sif Muna gifted it to you in a
                  | treasure trove)
 44347 | Trove    | Identified the of Bilaunax (Sif Muna gifted it to you in a
                  | treasure trove)
 44347 | Trove    | Identified the of Sesuel (Sif Muna gifted it to you in a
                  | treasure trove)
 44347 | Trove    | Identified the of Isaesody (Sif Muna gifted it to you in a
                  | treasure trove)
 44347 | Trove    | Identified the of Igelemn (Sif Muna gifted it to you in a
                  | treasure trove)
 44347 | Trove    | Identified the "Icvah" (Sif Muna gifted it to you in a
                  | treasure trove)
 44347 | Trove    | Identified the "Oneyci Pejus" (Sif Muna gifted it to you
                  | in a treasure trove)
 44347 | Trove    | Identified the of Jeagat (Sif Muna gifted it to you in a
                  | treasure trove)
 44347 | Trove    | Identified the of Hemo Adih (Sif Muna gifted it to you in
                  | a treasure trove)
 44347 | Trove    | Identified the of Ypsuf (Sif Muna gifted it to you in a
                  | treasure trove)
 44347 | Trove    | Identified the "Sexemut" (Sif Muna gifted it to you in a
                  | treasure trove)
 44347 | Trove    | Identified the of Foaclag (Sif Muna gifted it to you in a
                  | treasure trove)
 44347 | Trove    | Identified the "Geaciseg" (Sif Muna gifted it to you in a
                  | treasure trove)
 44347 | Trove    | Identified the "Devusa" (Sif Muna gifted it to you in a
                  | treasure trove)
 44347 | Trove    | Identified the "Monixoak" (Sif Muna gifted it to you in a
                  | treasure trove)
 44347 | Trove    | Identified the of Ujifisat (Sif Muna gifted it to you in a
                  | treasure trove)
 44347 | Trove    | Identified the "Jestroock" (Sif Muna gifted it to you in a
                  | treasure trove)
 44347 | Trove    | Identified the "Mugoxoza" (Sif Muna gifted it to you in a
                  | treasure trove)
 44347 | Trove    | Identified the "Nadgh" (Sif Muna gifted it to you in a
                  | treasure trove)
 44347 | Trove    | Identified the "Kesyv" (Sif Muna gifted it to you in a
                  | treasure trove)
 44347 | Trove    | Identified the "Daimaq" (Sif Muna gifted it to you in a
                  | treasure trove)
 44347 | Trove    | Identified the "Jaigofauk" (Sif Muna gifted it to you in a
                  | treasure trove)
 44347 | Trove    | Identified the "Tol Uqoll" (Sif Muna gifted it to you in a
                  | treasure trove)
 44347 | Trove    | Identified the "Bueche" (Sif Muna gifted it to you in a
                  | treasure trove)
 44347 | Trove    | Identified the "Luthrax" (Sif Muna gifted it to you in a
                  | treasure trove)
 44347 | Trove    | Identified the "Kujuulo" (Sif Muna gifted it to you in a
                  | treasure trove)
 44347 | Trove    | Identified the "Raogehed" (Sif Muna gifted it to you in a
                  | treasure trove)
 44347 | Trove    | Identified the "Evidigg" (Sif Muna gifted it to you in a
                  | treasure trove)
 44347 | Trove    | Identified the "Inkedd" (Sif Muna gifted it to you in a
                  | treasure trove)
 44347 | Trove    | Identified the of Faghu (Sif Muna gifted it to you in a
                  | treasure trove)
 44347 | Trove    | Identified the "Xoloaj" (Sif Muna gifted it to you in a
                  | treasure trove)
 44347 | Trove    | Identified the "Potweduc" (Sif Muna gifted it to you in a
                  | treasure trove)
 44347 | Trove    | Identified the of Olueh (Sif Muna gifted it to you in a
                  | treasure trove)
 44347 | Trove    | Identified the of Foxtiulae (Sif Muna gifted it to you in
                  | a treasure trove)
 44347 | Trove    | Identified the "Ahum" (Sif Muna gifted it to you in a
                  | treasure trove)
 44347 | Trove    | Identified the of Ecsorinegg (Sif Muna gifted it to you in
                  | a treasure trove)
 44347 | Trove    | Identified the "Jimatses" (Sif Muna gifted it to you in a
                  | treasure trove)
 44347 | Trove    | Identified the of Faoceguxt (Sif Muna gifted it to you in
                  | a treasure trove)
 44347 | Trove    | Identified the of Xasmi (Sif Muna gifted it to you in a
                  | treasure trove)
 44347 | Trove    | Identified the of Jeneh (Sif Muna gifted it to you in a
                  | treasure trove)
 44347 | Trove    | Identified the of Boutao (Sif Muna gifted it to you in a
                  | treasure trove)
 44347 | Trove    | Identified the of Pedo (Sif Muna gifted it to you in a
                  | treasure trove)
 44347 | Trove    | Identified the "Archen" (Sif Muna gifted it to you in a
                  | treasure trove)
 44347 | Trove    | Identified the "Ruaxar" (Sif Muna gifted it to you in a
                  | treasure trove)
 44347 | Trove    | Identified the of Xupha (Sif Muna gifted it to you in a
                  | treasure trove)
 44347 | Trove    | Identified the of Utwel (Sif Muna gifted it to you in a
                  | treasure trove)
 44347 | Trove    | Identified the of Qyeclude (Sif Muna gifted it to you in a
                  | treasure trove)
 44347 | Trove    | Identified the "Morref" (Sif Muna gifted it to you in a
                  | treasure trove)
 44347 | Trove    | Identified the "Reorupn" (Sif Muna gifted it to you in a
                  | treasure trove)
 44347 | Trove    | Identified the "Movikuc" (Sif Muna gifted it to you in a
                  | treasure trove)
 44347 | Trove    | Identified the "Wawaes" (Sif Muna gifted it to you in a
                  | treasure trove)
 44347 | Trove    | Identified the "Ynyset" (Sif Muna gifted it to you in a
                  | treasure trove)
 44347 | Trove    | Identified the of Ahyopant (Sif Muna gifted it to you in a
                  | treasure trove)
 44347 | Trove    | Identified the "Qautreg" (Sif Muna gifted it to you in a
                  | treasure trove)
 44347 | Trove    | Identified the "Ceulacvaff" (Sif Muna gifted it to you in
                  | a treasure trove)
 44347 | Trove    | Identified the "Kogam" (Sif Muna gifted it to you in a
                  | treasure trove)
 44347 | Trove    | Identified the of Byogoaph (Sif Muna gifted it to you in a
                  | treasure trove)
 44347 | Trove    | Identified the "Piumum" (Sif Muna gifted it to you in a
                  | treasure trove)
 44347 | Trove    | Identified the "Equediud" (Sif Muna gifted it to you in a
                  | treasure trove)
 44347 | Trove    | Identified the of Hevenwahe (Sif Muna gifted it to you in
                  | a treasure trove)
 44347 | Trove    | Identified the "Bajama" (Sif Muna gifted it to you in a
                  | treasure trove)
 44347 | Trove    | Identified the "Voimaoty" (Sif Muna gifted it to you in a
                  | treasure trove)
 44347 | Trove    | Identified the "Ynwidev" (Sif Muna gifted it to you in a
                  | treasure trove)
 44347 | Trove    | Identified the of Muquna (Sif Muna gifted it to you in a
                  | treasure trove)
 44347 | Trove    | Identified the of Loobbatt (Sif Muna gifted it to you in a
                  | treasure trove)
 44347 | Trove    | Identified the "Buahiebb" (Sif Muna gifted it to you in a
                  | treasure trove)
 44347 | Trove    | Identified the "Kuloats" (Sif Muna gifted it to you in a
                  | treasure trove)
 44347 | Trove    | Identified the "Fiat" (Sif Muna gifted it to you in a
                  | treasure trove)
 44347 | Trove    | Identified the "Ypufra" (Sif Muna gifted it to you in a
                  | treasure trove)
 44347 | Trove    | Identified the "Loboeffoym" (Sif Muna gifted it to you in
                  | a treasure trove)
 44347 | Trove    | Identified the of Sarug (Sif Muna gifted it to you in a
                  | treasure trove)
 44347 | Trove    | Identified the of Gioc (Sif Muna gifted it to you in a
                  | treasure trove)
 44347 | Trove    | Identified the "Xint" (Sif Muna gifted it to you in a
                  | treasure trove)
 44347 | Trove    | Identified the "Nuunn" (Sif Muna gifted it to you in a
                  | treasure trove)
 44347 | Trove    | Identified the "Ofihuke" (Sif Muna gifted it to you in a
                  | treasure trove)
 44347 | Trove    | Identified the of Mitir (Sif Muna gifted it to you in a
                  | treasure trove)
 44347 | Trove    | Identified the "Pievimae" (Sif Muna gifted it to you in a
                  | treasure trove)
 44347 | Trove    | Identified the of Yhaargh (Sif Muna gifted it to you in a
                  | treasure trove)
 44347 | Trove    | Identified the of Zitsan (Sif Muna gifted it to you in a
                  | treasure trove)
 44347 | Trove    | Identified the of Keetiroy (Sif Muna gifted it to you in a
                  | treasure trove)
 44347 | Trove    | Identified the "Siwomp" (Sif Muna gifted it to you in a
                  | treasure trove)
 44347 | Trove    | Identified the "Feclapp" (Sif Muna gifted it to you in a
                  | treasure trove)
 44347 | Trove    | Identified the "Noxumnir" (Sif Muna gifted it to you in a
                  | treasure trove)
 44347 | Trove    | Identified the of Gisug (Sif Muna gifted it to you in a
                  | treasure trove)
 44347 | Trove    | Identified the "Arhapu" (Sif Muna gifted it to you in a
                  | treasure trove)
 44347 | Trove    | Identified the "Julahie" (Sif Muna gifted it to you in a
                  | treasure trove)
 44347 | Trove    | Identified the "Jijy" (Sif Muna gifted it to you in a
                  | treasure trove)
 44347 | Trove    | Identified the "Ymoare" (Sif Muna gifted it to you in a
                  | treasure trove)
 44347 | Trove    | Identified the "Essebeq" (Sif Muna gifted it to you in a
                  | treasure trove)
 44347 | Trove    | Identified the of Ilacakh (Sif Muna gifted it to you in a
                  | treasure trove)
 44347 | Trove    | Identified the "Doudir" (Sif Muna gifted it to you in a
                  | treasure trove)
 44347 | Trove    | Identified the "Tinevun" (Sif Muna gifted it to you in a
                  | treasure trove)
 44347 | Trove    | Identified the of Gaxemm (Sif Muna gifted it to you in a
                  | treasure trove)
 44347 | Trove    | Identified the "Jyirghyunu" (Sif Muna gifted it to you in
                  | a treasure trove)
 44347 | Trove    | Identified the of Wethrioni (Sif Muna gifted it to you in
                  | a treasure trove)
 44347 | Trove    | Identified the "Gaurob" (Sif Muna gifted it to you in a
                  | treasure trove)
 44347 | Trove    | Identified the "Edeic" (Sif Muna gifted it to you in a
                  | treasure trove)
 44347 | Trove    | Identified the "Woxtaeng" (Sif Muna gifted it to you in a
                  | treasure trove)
 44347 | Trove    | Identified the of Jiutwech (Sif Muna gifted it to you in a
                  | treasure trove)
 44347 | Trove    | Identified the of Geoddal (Sif Muna gifted it to you in a
                  | treasure trove)
 44347 | Trove    | Identified the "Fengeniu" (Sif Muna gifted it to you in a
                  | treasure trove)
 44347 | Trove    | Identified the "Faoreo" (Sif Muna gifted it to you in a
                  | treasure trove)
 44347 | Trove    | Identified the "Ocuefus" (Sif Muna gifted it to you in a
                  | treasure trove)
 44347 | Trove    | Identified the "Zilul" (Sif Muna gifted it to you in a
                  | treasure trove)
 44347 | Trove    | Identified the "Geputh" (Sif Muna gifted it to you in a
                  | treasure trove)
 44347 | Trove    | Identified the "Zeaheeck" (Sif Muna gifted it to you in a
                  | treasure trove)
 44347 | Trove    | Identified the of Sasot (Sif Muna gifted it to you in a
                  | treasure trove)
 44347 | Trove    | Identified the of Doanism (Sif Muna gifted it to you in a
                  | treasure trove)
 44347 | Trove    | Identified the of Jeatypp (Sif Muna gifted it to you in a
                  | treasure trove)
 44347 | Trove    | Identified the "Wauq" (Sif Muna gifted it to you in a
                  | treasure trove)
 44347 | Trove    | Identified the "Uxzamyrgh" (Sif Muna gifted it to you in a
                  | treasure trove)
 44347 | Trove    | Identified the "Huash" (Sif Muna gifted it to you in a
                  | treasure trove)
 44347 | Trove    | Identified the "Lozuntig" (Sif Muna gifted it to you in a
                  | treasure trove)
 44347 | Trove    | Identified the "Eshow" (Sif Muna gifted it to you in a
                  | treasure trove)
 44347 | Trove    | Identified the "Goibbakh" (Sif Muna gifted it to you in a
                  | treasure trove)
 44347 | Trove    | Identified the "Poimpon" (Sif Muna gifted it to you in a
                  | treasure trove)
 44347 | Trove    | Identified the of Qepicu (Sif Muna gifted it to you in a
                  | treasure trove)
 44347 | Trove    | Identified the "Enopapt" (Sif Muna gifted it to you in a
                  | treasure trove)
 44347 | Trove    | Identified the "Vaarphei" (Sif Muna gifted it to you in a
                  | treasure trove)
 44347 | Trove    | Identified the "Bumpeb" (Sif Muna gifted it to you in a
                  | treasure trove)
 44347 | Trove    | Identified the "Wiw Ydy" (Sif Muna gifted it to you in a
                  | treasure trove)
 44347 | Trove    | Identified the of Qucvus (Sif Muna gifted it to you in a
                  | treasure trove)
 44347 | Trove    | Identified the of Tusmingy (Sif Muna gifted it to you in a
                  | treasure trove)
 44347 | Trove    | Identified the of Xiboumiw (Sif Muna gifted it to you in a
                  | treasure trove)
 44347 | Trove    | Identified the of Guenast (Sif Muna gifted it to you in a
                  | treasure trove)
 44347 | Trove    | Identified the "Qenoadeyh" (Sif Muna gifted it to you in a
                  | treasure trove)
 44347 | Trove    | Identified the "Cygach" (Sif Muna gifted it to you in a
                  | treasure trove)
 44347 | Trove    | Identified the "Ifuuppel" (Sif Muna gifted it to you in a
                  | treasure trove)
 44347 | Trove    | Identified the of Bumakete (Sif Muna gifted it to you in a
                  | treasure trove)
 44347 | Trove    | Identified the of Iniaj (Sif Muna gifted it to you in a
                  | treasure trove)
 44347 | Trove    | Identified the "Timnal" (Sif Muna gifted it to you in a
                  | treasure trove)
 44347 | Trove    | Identified the of Nafam (Sif Muna gifted it to you in a
                  | treasure trove)
 44347 | Trove    | Identified the "Soggiufit" (Sif Muna gifted it to you in a
                  | treasure trove)
 44347 | Trove    | Identified the "Taedd" (Sif Muna gifted it to you in a
                  | treasure trove)
 44347 | Trove    | Identified the of Busodud (Sif Muna gifted it to you in a
                  | treasure trove)
 44347 | Trove    | Identified the "Teocafuv" (Sif Muna gifted it to you in a
                  | treasure trove)
 44347 | Trove    | Identified the "Atawikla" (Sif Muna gifted it to you in a
                  | treasure trove)
 44347 | Trove    | Identified the "Goaxzecw" (Sif Muna gifted it to you in a
                  | treasure trove)
 44347 | Trove    | Identified the "Uteg" (Sif Muna gifted it to you in a
                  | treasure trove)
 44347 | Trove    | Identified the of Ocepren (Sif Muna gifted it to you in a
                  | treasure trove)
 44347 | Trove    | Identified the "Isissium" (Sif Muna gifted it to you in a
                  | treasure trove)
 44347 | Trove    | Identified the of Imimay (Sif Muna gifted it to you in a
                  | treasure trove)
 44347 | Trove    | Identified the of Vixt (Sif Muna gifted it to you in a
                  | treasure trove)
 44347 | Trove    | Identified the "Uqujokitse" (Sif Muna gifted it to you in
                  | a treasure trove)
 44347 | Trove    | Identified the of Bukoemof (Sif Muna gifted it to you in a
                  | treasure trove)
 44347 | Trove    | Identified the "Kuoragge" (Sif Muna gifted it to you in a
                  | treasure trove)
 44347 | Trove    | Identified the "Viran" (Sif Muna gifted it to you in a
                  | treasure trove)
 44347 | Trove    | Identified the "Icsiseip" (Sif Muna gifted it to you in a
                  | treasure trove)
 44347 | Trove    | Identified the "Neuxaiji" (Sif Muna gifted it to you in a
                  | treasure trove)
 44347 | Trove    | Identified the of Odass (Sif Muna gifted it to you in a
                  | treasure trove)
 44347 | Trove    | Identified the "Erghalu" (Sif Muna gifted it to you in a
                  | treasure trove)
 44347 | Trove    | Identified the of Zueqoeq (Sif Muna gifted it to you in a
                  | treasure trove)
 44347 | Trove    | Identified the of Dejacestrec (Sif Muna gifted it to you
                  | in a treasure trove)
 44347 | Trove    | Identified the "Emiomn" (Sif Muna gifted it to you in a
                  | treasure trove)
 44347 | Trove    | Identified the "Elokk" (Sif Muna gifted it to you in a
                  | treasure trove)
 44347 | Trove    | Identified the "Urodigott" (Sif Muna gifted it to you in a
                  | treasure trove)
 44347 | Trove    | Identified the "Zeitzikh" (Sif Muna gifted it to you in a
                  | treasure trove)
 44347 | Trove    | Identified the "Meri" (Sif Muna gifted it to you in a
                  | treasure trove)
 44347 | Trove    | Identified the "Cuvunej" (Sif Muna gifted it to you in a
                  | treasure trove)
 44347 | Trove    | Identified the "Vuny" (Sif Muna gifted it to you in a
                  | treasure trove)
 44347 | Trove    | Identified the of Upurot (Sif Muna gifted it to you in a
                  | treasure trove)
 44347 | Trove    | Identified the "Itoudol" (Sif Muna gifted it to you in a
                  | treasure trove)
 44347 | Trove    | Identified the of Moitof (Sif Muna gifted it to you in a
                  | treasure trove)
 44347 | Trove    | Identified the of Zamijola (Sif Muna gifted it to you in a
                  | treasure trove)
 44347 | Trove    | Identified the of Woaxoi (Sif Muna gifted it to you in a
                  | treasure trove)
 44347 | Trove    | Identified the of Xilyt (Sif Muna gifted it to you in a
                  | treasure trove)
 44347 | Trove    | Identified the "Ozupp" (Sif Muna gifted it to you in a
                  | treasure trove)
 44347 | Trove    | Identified the of Kovyck (Sif Muna gifted it to you in a
                  | treasure trove)
 44347 | Trove    | Identified the "Amour" (Sif Muna gifted it to you in a
                  | treasure trove)
 44347 | Trove    | Identified the of Zilyoty (Sif Muna gifted it to you in a
                  | treasure trove)
 44347 | Trove    | Identified the "Akaetar" (Sif Muna gifted it to you in a
                  | treasure trove)
 44347 | Trove    | Identified the of Legyem (Sif Muna gifted it to you in a
                  | treasure trove)
 44347 | Trove    | Identified the "Vadghakh" (Sif Muna gifted it to you in a
                  | treasure trove)
 44347 | Trove    | Identified the of Maurhoul (Sif Muna gifted it to you in a
                  | treasure trove)
 44347 | Trove    | Identified the "Hatoof" (Sif Muna gifted it to you in a
                  | treasure trove)
 44347 | Trove    | Identified the "Sulo" (Sif Muna gifted it to you in a
                  | treasure trove)
 44347 | Trove    | Identified the "Goplad" (Sif Muna gifted it to you in a
                  | treasure trove)
 44347 | Trove    | Identified the "Lengam" (Sif Muna gifted it to you in a
                  | treasure trove)
 44347 | Trove    | Identified the "Kalosoj" (Sif Muna gifted it to you in a
                  | treasure trove)
 44347 | Trove    | Identified the "Yburaum" (Sif Muna gifted it to you in a
                  | treasure trove)
 44347 | Trove    | Identified the of Puhuog (Sif Muna gifted it to you in a
                  | treasure trove)
 44347 | Trove    | Identified the "Wekhezuf" (Sif Muna gifted it to you in a
                  | treasure trove)
 44347 | Trove    | Identified the "Iluos" (Sif Muna gifted it to you in a
                  | treasure trove)
 44347 | Trove    | Identified the "Yluusim" (Sif Muna gifted it to you in a
                  | treasure trove)
 44347 | Trove    | Identified the of Omopt (Sif Muna gifted it to you in a
                  | treasure trove)
 44347 | Trove    | Identified the "Ryujigag" (Sif Muna gifted it to you in a
                  | treasure trove)
 44347 | Trove    | Identified the "Odeteetu" (Sif Muna gifted it to you in a
                  | treasure trove)
 44347 | Trove    | Identified the "Hugina" (Sif Muna gifted it to you in a
                  | treasure trove)
 44347 | Trove    | Identified the of Refruetu (Sif Muna gifted it to you in a
                  | treasure trove)
 44347 | Trove    | Identified the "Fyegerph" (Sif Muna gifted it to you in a
                  | treasure trove)
 44347 | Trove    | Entered a treasure trove
 44382 | Trove    | Found the +7 lajatang of Order {silver, rMut}
 44436 | Vaults:2 | Noticed Boris
 44448 | Vaults:2 | Killed Boris
 44655 | Vaults:2 | Reached skill level 15 in Fighting
 44658 | Vaults:2 | Noticed Norris
 44667 | Vaults:2 | Killed Norris
 44693 | Vaults:2 | Reached * piety under Trog
 45216 | Vaults:2 | Noticed Mennas
 45244 | Vaults:2 | Killed Mennas
 46165 | Vaults:3 | Reached XP level 21. HP: 117/117 MP: 22/22
 46469 | Vaults:3 | Found a staircase to the Crypt.
 46996 | Vaults:4 | Reached skill level 20 in Unarmed Combat
 47229 | Vaults:4 | Noticed Jory
 47259 | Vaults:4 | Killed Jory
 48188 | Vaults:4 | Found Ywulowag's Jewellery Emporium.
 48200 | Vaults:4 | Bought the amulet "Iquhext" {Reflect rN+ Str+2 Int-2 Dex+3
                  | SH+5} for 1140 gold pieces
 48408 | Crypt:1  | Entered Level 1 of the Crypt
 48820 | Crypt:1  | Noticed an ancient lich
 48830 | Crypt:1  | Received a gift from Trog
 48842 | Crypt:1  | Killed an ancient lich
 49012 | Crypt:1  | Found the +6 Majin-Bo {spellvamp, MP+6 Int+6}
 49771 | Crypt:2  | Reached XP level 22. HP: 123/123 MP: 23/23
 50179 | Crypt:3  | Entered Level 3 of the Crypt
 50322 | Crypt:3  | Reached skill level 21 in Unarmed Combat
 50482 | Crypt:3  | Found a staircase to the Tomb.
 50543 | Crypt:3  | Received a gift from Trog
 50775 | Crypt:3  | Found a basalt altar of Yredelemnul.
 50775 | Crypt:3  | Noticed an ancient lich
 50822 | Crypt:3  | Killed an ancient lich
 50944 | Crypt:3  | Identified the +10 battleaxe "Jioxuli" {flame, *Slow Will++
                  | Str+3 Dex-5}
 51422 | Depths:1 | Entered Level 1 of the Depths
 51429 | Depths:1 | Found the +8 pair of quick blades "Gyre" and "Gimble"
                  | {protect}
 51445 | Depths:1 | Identified the ring "Otwees" {Will+ EV+5 Int+4 Dex+2
                  | Stlth-}
 51464 | Depths:1 | Noticed a juggernaut
 51475 | Depths:1 | Killed a juggernaut
 51497 | Depths:1 | Found a flickering gateway to a bazaar.
 51506 | Bazaar   | Entered a bazaar
 51506 | Bazaar   | Found Woiv Tahi's Assorted Antiques.
 51506 | Bazaar   | Found Leneypt's Weapon Emporium.
 51509 | Bazaar   | Found Hoeroe's Antique Weapon Shoppe.
 51525 | Bazaar   | Found Josedaxe's General Store.
 51533 | Bazaar   | Bought a potion of heal wounds for 60 gold pieces
 51533 | Bazaar   | Bought a potion of curing for 36 gold pieces
 51543 | Bazaar   | Bought a scroll of acquirement for 936 gold pieces
 51543 | Bazaar   | Bought a scroll of fear for 72 gold pieces
 51543 | Bazaar   | Bought a potion of curing for 54 gold pieces
 51543 | Bazaar   | Bought a potion of haste for 180 gold pieces
 51543 | Bazaar   | Bought a wand of mindburst (9) for 226 gold pieces
 51545 | Bazaar   | Reached XP level 23. HP: 129/129 MP: 24/24
 51546 | Bazaar   | Acquired a manual of Fighting
 51597 | Depths:1 | Noticed the Enchantress
 51608 | Depths:1 | Noticed a caustic shrike
 51609 | Depths:1 | a caustic shrike changed into a shadow dragon
 51620 | Depths:1 | Killed the Enchantress
 52061 | Depths:1 | Found a gateway to Hell.
 52368 | Depths:2 | Found Femynott's Book Shoppe.
 52999 | Depths:2 | Received a gift from Trog
 53059 | Depths:2 | Found a one-way gate leading to the halls of Pandemonium.
 53198 | Depths:3 | Reached skill level 22 in Unarmed Combat
 53308 | Depths:3 | Noticed Vv
 53325 | Depths:3 | Killed Vv
 53326 | Depths:3 | Reached XP level 24. HP: 136/136 MP: 24/24
 53681 | Depths:3 | Noticed Frederick
 53696 | Depths:3 | Killed Frederick
 53729 | Depths:3 | Found a one-way gate to the infinite horrors of the Abyss.
 53867 | Depths:3 | Identified the +0 chain mail of Action {rPois Will- Int+4
                  | SInv}
 54642 | Depths:4 | Entered Level 4 of the Depths
 54645 | Depths:4 | Found a corrupted altar of Lugonu.
 54885 | Depths:4 | Received a gift from Trog
 55074 | Depths:4 | Found a one-way gateway to a ziggurat.
 55692 | Depths:4 | Found a gate to the Realm of Zot.
 56257 | Slime:1  | Entered Level 1 of the Pits of Slime
 56262 | Slime:1  | Gained mutation: Your body sometimes deteriorates upon
                  | taking damage. [a shining eye]
 56271 | Lair:4   | Reached skill level 23 in Unarmed Combat
 56387 | Slime:2  | Received a gift from Trog
 56558 | Slime:5  | Entered Level 5 of the Pits of Slime
 56675 | Slime:5  | Found a viscous altar of Jiyva.
 56691 | Slime:5  | Noticed the Royal Jelly
 56740 | Slime:5  | Killed the Royal Jelly
 56874 | Slime:5  | Got a slimy rune of Zot
 56967 | Slime:5  | Identified the staff "Aruwk" {rN+ Int+2 Dex+2 Necro}
 57324 | Depths:4 | Upgraded the game from 0.31-a0-968-g24f9ace8b5 to
                  | 0.31-a0-971-g75a2e9a4b4
 57330 | Zot:1    | Entered Level 1 of the Realm of Zot
 57672 | Zot:1    | Reached XP level 25. HP: 144/144 MP: 24/24
 58542 | Zot:2    | Received a gift from Trog
 58555 | Zot:2    | Reached skill level 24 in Unarmed Combat
 58601 | Zot:2    | Identified the +0 ring mail of Insatiable Hunger {Str+5
                  | Int+2}
 58602 | Zot:2    | Identified the +0 pair of gloves of Amorality {rPois rN+
                  | Dex-2}
 58610 | Zot:2    | Identified the +2 scale mail "Okoine" {Dex+3}
 59171 | Zot:3    | Found the +4 dragonskin cloak
 59171 | Zot:3    | Noticed Tiamat
 59253 | Zot:3    | Killed Tiamat
 59678 | Zot:3    | Reached skill level 25 in Unarmed Combat
 60094 | Zot:3    | Received a gift from Trog
 60334 | Zot:3    | Noticed an orb of fire
 60344 | Zot:3    | Gained mutation: You are weak. (Str -2) [an orb of fire]
 60348 | Zot:3    | Killed an orb of fire
 60745 | Zot:4    | Identified the amulet "Ezuviy" {RegenMP rElec rC+ rCorr
                  | Str-5}
 61789 | Vaults:5 | Entered Level 5 of the Vaults
 61988 | Vaults:5 | Reached XP level 26. HP: 151/151 MP: 24/24
 61995 | Vaults:5 | Noticed an ancient lich
 62002 | Vaults:5 | Killed an ancient lich
 62003 | Vaults:5 | Reached skill level 26 in Unarmed Combat
 62080 | Vaults:5 | Noticed an ancient lich
 62090 | Vaults:5 | Killed an ancient lich
 62090 | Vaults:5 | Received a gift from Trog
 62530 | Vaults:5 | Noticed a dread lich
 62536 | Vaults:5 | Killed a dread lich
 62784 | Vaults:5 | Received a gift from Trog
 62994 | Vaults:5 | Identified the +9 lajatang "Qasol" {flame, rN+ Will+}
 63002 | Vaults:5 | Reached skill level 27 in Unarmed Combat
 63029 | Vaults:5 | Identified the +6 ring mail "Qyeghuo" {Int+2 Dex+3}
 63072 | Vaults:5 | Identified the +0 pair of gloves "Negehei" {rF+ rC+}
 63076 | Vaults:5 | Got a silver rune of Zot
 63079 | Vaults:5 | Identified the ring of Oschaent {rF+ Dex+4}
 63452 | Vaults:5 | Lost mutation: Your body sometimes deteriorates upon taking
                  | damage. [potion of mutation]
 63452 | Vaults:5 | Lost mutation: You are weak. (Str -2) [potion of mutation]
 63452 | Vaults:5 | Gained mutation: You expend magic power (3 MP) to
                  | strengthen your wands. [potion of mutation]
 63452 | Vaults:5 | Gained mutation: You have hidden genetic defects. [potion
                  | of mutation]
 63453 | Vaults:5 | Lost mutation: You expend magic power (3 MP) to strengthen
                  | your wands. [potion of mutation]
 63453 | Vaults:5 | Lost mutation: You have hidden genetic defects. [potion of
                  | mutation]
 63453 | Vaults:5 | Gained mutation: You are frail. (-10% HP) [potion of
                  | mutation]
 63454 | Vaults:5 | Lost mutation: You are frail. (-10% HP) [potion of
                  | mutation]
 63454 | Vaults:5 | Gained mutation: You are occasionally teleported next to
                  | monsters. [potion of mutation]
 63454 | Vaults:5 | Gained mutation: You are agile. (Dex +4, Str/Int -1)
                  | [potion of mutation]
 63454 | Vaults:5 | Gained mutation: Your muscles are strong. (Str +4, Int/Dex
                  | -1) [potion of mutation]
 63824 | Zot:5    | Entered Level 5 of the Realm of Zot
 64061 | Zot:5    | Noticed an orb of fire
 64139 | Zot:5    | Noticed an ancient lich
 64139 | Zot:5    | Noticed an ancient lich
 64159 | Zot:5    | Noticed an orb of fire
 64173 | Zot:5    | Killed an orb of fire
 64275 | Zot:5    | Killed an ancient lich
 64370 | Zot:5    | Noticed an orb of fire
 64375 | Zot:5    | Gained mutation: You occasionally shout uncontrollably at
                  | your foes. [an orb of fire]
 64377 | Zot:5    | Gained mutation: You are often teleported next to monsters.
                  | [an orb of fire]
 64382 | Zot:5    | Gained mutation: Your body sometimes deteriorates upon
                  | taking damage. [an orb of fire]
 64383 | Zot:5    | Killed an ancient lich
 64385 | Zot:5    | Killed an orb of fire
 64391 | Zot:5    | Lost mutation: Your body sometimes deteriorates upon taking
                  | damage. [potion of mutation]
 64391 | Zot:5    | Lost mutation: You are agile. (Dex +4, Str/Int -1) [potion
                  | of mutation]
 64391 | Zot:5    | Gained mutation: You do not regenerate when monsters are
                  | visible. [potion of mutation]
 64391 | Zot:5    | Gained mutation: You sometimes lose your temper in combat.
                  | [potion of mutation]
 64391 | Zot:5    | Gained mutation: Your spells are a little harder to cast,
                  | but a little more powerful. [potion of mutation]
 64392 | Zot:5    | Lost mutation: You occasionally shout uncontrollably at
                  | your foes. [potion of mutation]
 64392 | Zot:5    | Lost mutation: You sometimes lose your temper in combat.
                  | [potion of mutation]
 64392 | Zot:5    | Lost mutation: You do not regenerate when monsters are
                  | visible. [potion of mutation]
 64392 | Zot:5    | Gained mutation: Your system is resistant to poisons.
                  | (rPois) [potion of mutation]
 64392 | Zot:5    | Gained mutation: You are partially covered in iridescent
                  | scales. (AC +2) [potion of mutation]
 64393 | Zot:5    | Lost mutation: Your spells are a little harder to cast, but
                  | a little more powerful. [potion of mutation]
 64393 | Zot:5    | Lost mutation: Your system is resistant to poisons. (rPois)
                  | [potion of mutation]
 64393 | Zot:5    | Gained mutation: You have a pair of small antennae on your
                  | head. [potion of mutation]
 64393 | Zot:5    | Gained mutation: You passively dampen the noise of your
                  | surroundings. [potion of mutation]
 64394 | Zot:5    | Lost mutation: You passively dampen the noise of your
                  | surroundings. [potion of mutation]
 64394 | Zot:5    | Lost mutation: You have a pair of small antennae on your
                  | head. [potion of mutation]
 64394 | Zot:5    | Gained mutation: Your muscles are very strong. (Str +8,
                  | Int/Dex -2) [potion of mutation]
 64394 | Zot:5    | Gained mutation: You have hidden genetic defects. [potion
                  | of mutation]
 64398 | Zot:5    | Got the Orb of Zot
 64600 | Depths:3 | Noticed Vapodil the pandemonium lord
 64898 | D:1      | Reached XP level 27. HP: 157/157 MP: 24/24
 64904 | D:$      | Escaped with the Orb!

Illustrated notes

Levels and vault maps discovered:
D:1:      tarquinn_simple_flora_water_f, layout_rooms
D:2:      layout_rooms, hellmonk_ecumenical_altar_blasted, serial_curves,
          eino_curves_04, eino_curves_01, eino_curves_03, eino_curves_03,
          basic_altar
D:3:      layout_basic, biasface_ghost_orc_armoury,
          chequers_serial_rivers_micro_c, uniq_grinder
D:4:      layout_loops_ring, cheibrodos_sewer_entry_sluice, serial_shops, shop
D:5:      layout_rooms, chequers_temple_overflow_minitemple, fedhas_altar_4,
          minmay_temple_entry_trees, uniq_eustachio
D:6:      layout_basic, nicolae_figureground_pulse, uniq_menkaure
D:7:      layout_cave_pools, mainiacjoe_overflow_cross_hatched,
          serial_column_ruins, column_ruins_courtyard_long, column_ruins_hut,
          column_ruins_open_small, column_ruins_columns_straight,
          column_ruins_grid_3, column_ruins_columns_straight,
          column_ruins_open_small, column_ruins_columns_corner,
          column_ruins_columns_straight
D:8:      nzn_winding_woodlands_cross [nzn_winding_woodlands_5x15_zeroes,
          nzn_winding_woodlands_5x15_lazy_stream,
          nzn_winding_woodlands_5x15_river_crossing,
          nzn_winding_woodlands_5x15_concentric,
          nzn_winding_woodlands_15x15_five_gardens], layout_basic,
          serial_bayou_lagoon_a, uniq_amaemon
D:9:      layout_loops_cross, xom_shifter_show, minmay_lair_entry_grove
D:10:     layout_cave_pools, lemuel_tele_altar, minmay_joined_circles,
          uniq_maggie, uniq_erica
D:11:     layout_roguey, ebering_ghost_funeral_grove, uniq_josephine
D:12:     layout_long_grid, minmay_orc_entry_guard_dogs,
          serial_co_window_serial, co_window_paths_a, co_window_paths_a,
          co_window_of_opportunity_a, co_window_corner_a, co_window_paths_b,
          co_window_of_opportunity_a, co_window_of_opportunity_a,
          co_window_paths_c, co_window_corner_b, co_window_cross_4,
          co_window_4corner_a, glass_columns_a, glass_columns_c, uniq_rupert
D:13:     layout_cave_pools, minivault_23, uniq_urug
D:14:     minmay_crescents, layout_rooms, hellmonk_vaults_attempted_burglary,
          grunt_decor_mini_mirrors, uniq_kirke, uniq_snorg
D:15:     hangedman_depths_entry_civil_slaughter, layout_long_grid,
          gammafunk_ghost_ooze, hangedman_abyss_or_decor_clamps, uniq_azrael
Lair:1:   layout_layer_cave
Lair:2:   layout_small_grid
Lair:3:   layout_small_grid, nicolae_shoals_entry_roost,
          minmay_snake_entry_guardpost_small, disabler_island
Lair:4:   layout_loops_ring, slime_entry_1, infiniplex_staircase_pool_2
Lair:5:   minmay_lair_end_frog_pond, layout_layer_cave, st_stairs_5,
          grunt_megastairs_4
Shoals:1: layout_shoals, ebering_ghost_xom, nicolae_shoals_seven_spires
Shoals:2: layout_shoals, serial_shops, nicolae_shop_real_fake_doors,
          hangedman_feature_mirror, nicolae_shoals_songs, uniq_ilsuiw,
          uniq_mlioglotl
Shoals:3: layout_shoals, nicolae_shoals_square_sea_wall,
          nicolae_shoals_stone_sculpture_thing, uniq_polyphemus, uniq_nikola
Shoals:4: shoals_end_grunt_ice, layout_shoals, nicolae_shoals_sun_and_surf
Snake:1:  nicolae_snake_unarmed_stairs_patrol, layout_grid_maze, serial_shops,
          nicolae_shop_overgrown_old_shop, minmay_shop_star, lemuel_fruit_tree,
          uniq_louise
Snake:2:  layout_onion_interference, serial_shops, nicolae_shop_tiny_glass,
          grunt_ministairs_13, serial_bayou_shore_a
Snake:3:  layout_concentric_octagons, nicolae_snake_round_shape_thing,
          uniq_aizul
Snake:4:  snake_pit_salamanders_mu, layout_cave_town, uniq_asterion
Slime:1:  layout_caves
Slime:2:  layout_caves, uniq_dissolution
Slime:3:  layout_caves
Slime:4:  layout_caves, special_room [special_room_jelly], basic_altar
Slime:5:  slime_pit_nicolae_jellycorners
Orc:1:    layout_caves, basic_altar, uniq_jorgrun
Orc:2:    st_orc_congregation, layout_caves, basic_altar, serial_shops,
          nicolae_shop_stone, chequers_guarded_unrand_ignorance
Elf:1:    elf_arrival_001, layout_gridlike, serial_shops,
          nicolae_shop_gibbet_a_chance, minivault_28, minmay_shop_grove,
          grunt_megastairs_3, uniq_donald
Elf:2:    elven_hall_of_blades_hangedman_original
          [nicolae_blade_entry_floor_patterns], layout_geoelf_grid,
          minmay_shop_grid_forest, minivault_19
Elf:3:    elf_hall, layout_loops_cross, minivault_11, solitary_fountain,
          uniq_saint_roka, uniq_zenata, uniq_roxanne
Vaults:1: nicolae_vaults_variable_pillar_hall, hangedman_vaults_slither,
          nicolae_vaults_tetromino_T_2, nicolae_vaults_security_offices_1,
          vaults_room_fancy_cross, v_misc_14, vaults_room_semicircle, v_misc_17,
          nicolae_vaults_stepped_doors, nicolae_vaults_wine_cellar, v_misc_22,
          nicolae_vaults_tetromino_T_2, nicolae_vaults_house_3,
          nicolae_vaults_ninety_degrees, vaults_mumra_minichess,
          layout_vaults_ring
Vaults:2: grunt_vaults_twisty, v_alt_pattern_6, vaults_dpeg_diagonal,
          nicolae_vaults_trapezoid_2, v_pattern_3,
          nicolae_vaults_offset_grid_hallway_3, ontoclasm_vaults_ligature,
          st_smaller_cells, ontoclasm_vaults_gateway, nicolae_vaults_arrows,
          nicolae_vaults_network_s, layout_vaults_omnicross, enter_trove_2,
          uniq_norris, uniq_boris, uniq_mennas
Vaults:3: nicolae_vaults_house_1, minmay_crypt_entry_simple_round,
          st_spiral_rooms, ontoclasm_vaults_eye,
          nicolae_vaults_storage_room_statues, layout_vaults_omnigrid
Vaults:4: hangedman_vaults_stagger, v_alt_pattern_6, vaults_room_door_ring,
          hangedman_vaults_nails, v_rooms_1, nicolae_vaults_tetromino_T_2,
          nicolae_vaults_storage_closets_2, nicolae_vaults_trapezoid_layered,
          nicolae_vaults_little_ls, v_alt_pattern_2, v_misc_25,
          layout_vaults_chaotic_city, serial_shops,
          nicolae_shop_window_shopping, uniq_jory
Vaults:5: serial_shops
Crypt:1:  minmay_guarded_unrand_majin_bo, layout_gridlike, st_stairs_13,
          lemuel_dead_fish_pool, grunt_crypt_arrival_split
Crypt:2:  layout_gridlike, serial_glass, glass_columns_c, glass_columns_b,
          item_on_display_a, minmay_strange_pillars
Crypt:3:  cryptofortress_bobbens
Depths:1: layout_big_octagon, hangedman_coc_ice_floe, serial_shops,
          bzr_firewalk, hangedman_abyss_or_decor_jellyfish_corner, minivault_15,
          kennysheep_generic_room_9, serial_bayou_shore_b, uniq_enchantress
Depths:2: kennysheep_blocky_room, layout_gridville, serial_shops, shop,
          minmay_misc_feat_plants, pan_entry, hell_entry,
          infiniplex_staircase_diamond
Depths:3: minmay_thick_lines, layout_honeycomb, lightli_too_deep, abyss_entry,
          minmay_misc_feat_enclosed, dk_noncrumbling_4,
          kennysheep_cross_landing, infiniplex_staircase_hallway_doors,
          uniq_frederick, uniq_vv
Depths:4: grunt_twist_and_shout, layout_honeycomb, enter_ziggurat_e,
          abyss_entry_flame_altar, hell_entry, minmay_misc_feat_four_crosses,
          lightli_fourway_metalbox, serial_bayou_shore_b
Zot:1:    layout_cathedral_of_symmetry, uniq_josephina
Zot:2:    layout_misc_corridors, skrybe_zot_glass_3
Zot:3:    lemuel_draconian_sentries, layout_concentric_octagons, uniq_tiamat
Zot:4:    layout_gridlike
Zot:5:    layout_misc_corridors

Skill      XL: |  1  2  3  4  5  6  7  8  9 10 11 12 13 14 15 16 17 18 19 20 21 22 23 24 25 26 |
---------------+-------------------------------------------------------------------------------+-----
Stealth        | 1 3 6 |  6.6
Unarmed Combat | 3 4 5 7 8 9 11 12 13 14 15 16 17 18 19 20 21 22 23 25 27 | 27.0
Fighting       | 3 4 5 6 8 10 11 12 13 14 15 16 17 19 20 | 20.3
Dodging        | 5 6 7 8 9 10 12 15 16 17 19 20 21 23 24 26 | 26.6
Evocations     | 1 4 6 8 10 11 | 11.1
Shapeshifting  | 4 6 8 10 11 13 17 18 19 20 21 22 23 24 | 24.7
Shields        | 1 4 |  4.0

Action                     |  1- 3 |  4- 6 |  7- 9 | 10-12 | 13-15 | 16-18 | 19-21 | 22-24 | 25-27 || total
---------------------------+-------+-------+-------+-------+-------+-------+-------+-------+-------++-------
  Melee: Unarmed           |   132 |   164 |   268 |   709 |  1716 |  1375 |  1411 |  1138 |  1100 ||  8013
         Punch             |     3 |     1 |    11 |    35 |    32 |    10 |       |       |       ||    92
  Throw: Stone             |    35 |     4 |    31 |    13 |       |       |       |       |       ||    83
         Dart              |    13 |    17 |    17 |     9 |    22 |     6 |     1 |     1 |       ||    86
         Boomerang         |       |       |       |       |       |    27 |     9 |    18 |    11 ||    65
 Invoke: Berserk           |     2 |     3 |     8 |     9 |    25 |    10 |     6 |     6 |     5 ||    74
         Trog's Hand       |     1 |     1 |     1 |     4 |     7 |     5 |     4 |     5 |     7 ||    35
         Brothers in Arms  |       |       |       |     2 |     3 |     1 |       |     7 |     1 ||    14
Ability: Begin Untransform |       |       |     1 |       |       |       |       |       |       ||     1
  Evoke: Wand              |       |       |    25 |    18 |    42 |    48 |    10 |    24 |    25 ||   192
         Lightning rod     |       |       |       |       |     9 |     8 |     9 |     6 |     5 ||    37
         Phantom mirror    |       |       |       |       |       |     1 |     3 |     3 |     1 ||     8
    Use: Scroll            |     1 |     4 |     1 |    12 |    13 |    12 |    19 |    25 |    12 ||    99
         Potion            |       |       |     1 |     6 |     6 |     8 |    10 |     9 |    20 ||    60
   Stab: Sleeping          |     3 |     5 |     3 |     4 |    10 |    16 |    34 |    12 |     8 ||    95
         Distracted        |       |       |     2 |     4 |    11 |     2 |     3 |     4 |     6 ||    32
         Petrified         |       |       |       |       |       |     7 |       |       |       ||     7
         Held in net/web   |       |       |       |       |       |     1 |       |       |       ||     1
         Invisible         |       |       |       |       |       |       |       |       |     2 ||     2
 Armour: Animal skin       |    32 |    43 |    68 |       |       |       |       |       |       ||   143
         Steam dragon scal |       |       |    28 |   155 |   199 |       |       |       |       ||   382
         Troll leather arm |       |       |       |       |   101 |    33 |       |       |       ||   134
         Skin              |       |       |       |       |    35 |   502 |   460 |   351 |   331 ||  1679
  Dodge: Dodged            |    66 |   121 |   206 |   485 |  1221 |  1787 |  1510 |  1639 |  1753 ||  8788
         Repelled          |       |       |     1 |       |     5 |    45 |    20 |    25 |    29 ||   125
  Block: Buckler           |       |       |       |    66 |   296 |   985 |   837 |   818 |   797 ||  3799
         Other             |       |       |       |       |     1 |    25 |       |       |       ||    26
         Reflection        |       |       |       |       |       |    90 |    40 |     7 |    16 ||   153
   Form: Beast             |       |       |     2 |     2 |       |       |       |       |       ||     4
         Blade             |       |       |       |     2 |     3 |       |       |       |       ||     5
         Statue            |       |       |       |       |     2 |     1 |       |     1 |     2 ||     6
         Storm             |       |       |       |       |       |       |       |     1 |       ||     1
         Death             |       |       |       |       |       |       |       |       |     2 ||     2

Table legend: (Time is in decaauts)
 A = Elapsed time spent in this place.
 B = Non-inter-level travel time spent in this place.
 C = Inter-level travel time spent in this place.
 D = Time resting spent in this place.
 E = Time spent auto-exploring this place.
 F = Levels seen in this place.
 G = Mean time per level.
                   A        B        C        D        E       F      G
               +--------+--------+--------+--------+--------+-----+--------+
         Total |  72970 |  66348 |   6622 |  11292 |  26458 |  58 | 1258.1 |
       Dungeon |  14098 |  12343 |   1755 |   2926 |   3933 |  15 |  939.9 |
          Lair |   8834 |   8211 |    623 |   3553 |   1551 |   5 | 1766.8 |
        Shoals |   6022 |   5546 |    476 |    577 |   1453 |   4 | 1505.5 |
     Snake Pit |   5676 |   5200 |    476 |    609 |   1922 |   4 | 1419.0 |
    Slime Pits |    910 |    887 |     23 |    129 |      0 |   5 |  182.0 |
  Orcish Mines |   2546 |   2277 |    269 |    606 |    276 |   2 | 1273.0 |
   Elven Halls |   4315 |   4001 |    314 |    350 |   1935 |   3 | 1438.3 |
        Vaults |  11472 |  10434 |   1038 |   1108 |   5775 |   5 | 2294.4 |
         Crypt |   4006 |   3818 |    188 |    258 |   1865 |   3 | 1335.3 |
        Depths |   7223 |   6326 |    897 |    608 |   3789 |   4 | 1805.8 |
           Zot |   7010 |   6453 |    557 |    461 |   3743 |   5 | 1402.0 |
        Bazaar |     94 |     94 |      0 |      0 |      0 |   1 |   94.0 |
         Trove |    110 |    110 |      0 |      0 |      0 |   1 |  110.0 |
         Sewer |    648 |    648 |      0 |    105 |    213 |   1 |  648.0 |
               +--------+--------+--------+--------+--------+-----+--------+

Top non-repeatable levels by time:
Vaults:2: 2886 daAuts
 Snake:4: 2544 daAuts
  Lair:4: 2502 daAuts
Depths:3: 2370 daAuts
  Lair:2: 2359 daAuts
Vaults:5: 2277 daAuts
Depths:4: 2163 daAuts
Vaults:3: 2156 daAuts
Vaults:4: 2145 daAuts
   Zot:3: 2029 daAuts
Vaults:1: 2006 daAuts
Shoals:2: 1938 daAuts
   Elf:3: 1934 daAuts
Shoals:4: 1860 daAuts
    D:14: 1659 daAuts
